 Dungeon Crawl Stone Soup version 0.21-a0-203-gb066a6e (webtiles) character file.

605717 Gorglomux the Infernalist (level 27, -31/246 HPs)
             Began as a Hill Orc Conjurer on Aug 19, 2017.
             Was a High Priest of Okawaru.
             Killed from afar by a hellion (40 damage)
             ... with damnation
             ... on level 10 of a ziggurat.
             The game lasted 02:05:51 (66697 turns).

Gorglomux the Infernalist (Hill Orc Conjurer)      Turns: 66697, Time: 02:05:52

Health: -31/246    AC: 51    Str: 23    XL:     27
Magic:  9/33       EV: 19    Int: 13    God:    Okawaru [*****.]
Gold:   3806       SH: 34    Dex: 22    Spells: 25/40 levels left

rFire    + . .     SeeInvis +   f - +8 mithril axe "Arga" {speed, MR+}
rCold    . . .     Gourm    .   s - +3 large shield {AC+3} {god gift}
rNeg     . . .     Faith    .   x - +7 plate armour {rF+}
rPois    +         Spirit   .   u - +5 helmet of Minyopsi {rElec MR+ Dex+7 Stlth-}
rElec    +         Reflect  +   I - +2 cloak
rCorr    .         Harm     .   X - +2 pair of gloves {archery} {god gift}
MR       +++++                  N - +2 pair of boots {run} {god gift}
Stlth    ..........             J - +4 amulet of reflection
HPRegen  0.51/turn              g - ring of Ilumaf {rPois MR+ Int-3 Dex+2 SInv}
MPRegen  0.23/turn              C - ring of Ascent {Wiz rPois Dex+2}

@: heroism, very slightly contaminated, studying Dodging, quick
A: no striking features
}: 3/15 runes: barnacled, silver, gossamer
a: Heroism, Finesse, Renounce Religion


You were on level 10 of a ziggurat.
You worshipped Okawaru.
Okawaru was extremely pleased with you.
You were not hungry.

You visited 9 branches of the dungeon, and saw 44 of its levels.
You visited 1 bazaar.
You visited 1 ziggurat, and saw 10 of its levels.
You also visited: Trove and Ice Cave.

You collected 5883 gold pieces.
You spent 2077 gold pieces at shops.

Inventory:

Hand Weapons
 f - the +8 mithril axe "Arga" (weapon) {speed, MR+}
   (You found it on level 9 of a ziggurat)

   Attacks with this weapon are significantly faster.
   It affects your resistance to hostile enchantments.
Missiles
 Z - 7 throwing nets (quivered)
Armour
 s - a +3 large shield of protection (worn) {god gift}
 u - the +5 helmet of Minyopsi (worn) {rElec MR+ Dex+7 Stlth-}
   (You bought it in a shop in a bazaar)

   It affects your dexterity (+7).
   It insulates you from electricity.
   It affects your resistance to hostile enchantments.
   It makes you less stealthy.
 x - a +7 plate armour of fire resistance (worn)
 I - a +2 cloak (worn)
 N - a +2 pair of boots of running (worn) {god gift}
 X - a +2 pair of gloves of archery (worn) {god gift}
Jewellery
 g - the ring of Ilumaf (left hand) {rPois MR+ Int-3 Dex+2 SInv}
   (You found it on level 13 of the Dungeon)

   [ring of protection from magic]

   It affects your intelligence (-3).
   It affects your dexterity (+2).
   It protects you from poison.
   It affects your resistance to hostile enchantments.
   It lets you see invisible.
 h - the ring "Tedghati" {rCorr Dex+4}
   (You found it on level 2 of the Depths)

   [ring of resist corrosion]

   It affects your dexterity (+4).
 C - the ring of Ascent (right hand) {Wiz rPois Dex+2}
   (You acquired it on level 1 of the Depths)

   [ring of wizardry]

   It improves your spell success rate.
   It affects your dexterity (+2).
   It protects you from poison.
 J - a +4 amulet of reflection (around neck)
Wands
 p - a wand of clouds (3/9)
 A - a wand of acid (11/15)
 D - a wand of digging (12/24)
 L - a wand of digging (10/24)
 O - a wand of clouds (5/9)
 P - a wand of paralysis (8/24)
 S - a wand of scattershot (5/9)
Scrolls
 b - a scroll of fog
 e - 7 scrolls of fear
 m - 11 scrolls of immolation
 n - a scroll of summoning
 q - 3 scrolls of silence
 w - a scroll of holy word
 K - 19 scrolls of remove curse
 M - 5 scrolls of magic mapping
 R - 8 scrolls of identify
 T - 17 scrolls of teleportation
Potions
 a - 8 potions of heal wounds
 d - 3 potions of resistance
 i - 15 potions of lignification
 j - 9 potions of magic
 k - 7 potions of mutation {!q}
 l - 3 potions of invisibility
 o - 6 potions of ambrosia
 t - 2 potions of cancellation
 v - 2 potions of berserk rage
 y - 3 potions of brilliance
 E - 5 potions of flight
 F - 10 potions of might
 G - 6 potions of haste
 H - 11 potions of agility
 Q - 15 potions of curing
Books
 r - a manual of Dodging
Miscellaneous
 U - 4 boxes of beasts
 V - 2 phantom mirrors
 W - 3 sacks of spiders
 Y - a lamp of fire
Comestibles
 c - 30 bread rations
 z - 13 meat rations


   Skills:
 - Level 20.0(25.0) Fighting
 - Level 19.1(24.1) Axes
 + Level 21.3(26.3) Armour
 - Level 9.1(14.1) Dodging
 - Level 1.5(6.5) Stealth
 + Level 21.9(26.9) Shields
 + Level 7.0 Spellcasting
   Level 4.0 Conjurations
 O Level 27 Fire Magic
 - Level 9.1 Invocations
 - Level 8.0 Evocations


You had 25 spell levels left.
You knew the following spells:

 Your Spells              Type           Power        Failure   Level  Hunger
a - Ring of Flames        Chrm/Fire      #####.....   56%         7    #######
b - Ignition              Fire           ######....   3%          8    #######


Dungeon Overview and Level Annotations

Branches:
Dungeon (15/15)            Temple (1/1) D:4            Lair (6/6) D:8
 Shoals (4/4) Lair:3       Spider (4/4) Lair:3        Slime (0/5) Lair:6
    Orc (2/2) D:12            Elf (0/3) Orc:2        Vaults (5/5) D:14
  Crypt (0/3) Vaults:3     Depths (5/5) D:15            Zot (2/5) Depths:5

Altars:
Cheibriados
Dithmenos
Fedhas
Hepliaklqana
Kikubaaqudgha
Makhleb
Nemelex Xobeh
Okawaru
Qazlal
Ru
Uskayaw
Vehumet
Wu Jian
Xom
Yredelemnul
Beogh

Shops:
Orc:2 =[*(   Shoals:4 [   Vaults:2 *   Vaults:3 ?   Vaults:4 [   Vaults:5 !
Depths:4 }

Portals:
Hell: Depths:1 Depths:2 Depths:3 Depths:4 Depths:5
Abyss: Depths:1 Depths:4
Pandemonium: Depths:3 Depths:5

Annotations:
Lair:2 exclusion: 2 oklob plants
Shoals:3 2 transporters


Message History

Found two butts leading back out of this place!
Found a stone staircase leading down!
Unknown command!
You feel butt better!
The tormentor calls on the powers of darkness!!!
Your body is wracked with pain!!! * * * don't die
* * * Unknown command!
Blink to where?
Press: ? - butt, Dir - move target cursor
As you read the scroll of blinking, it crumbles to dust!
Are you sure you want to leave this ziggurat?
Okay, then!
Are you butt you butt to leave this ziggurat?
The hellion gestures at you!
The sphere of damnation explodes!!!
The damnation engulfs you!!! * * * don't die
* * * The hellion gestures at you!
The sphere of damnation explodes!!!
The butt engulfs you!!! rip

▓.........▓
▓.........▓
▓▓▓▓▓▓.........▓▓▓
▓....§2...........
▓%$/..............
▓::)Z..2....§.....
▓∩?!2..4..§§§.....
▓>(![..2..§§......
▓@"2z.2...§§§§....
▓/)[.....§..§§....
▓.................
▓.................
▓▓▓▓▓▓.........▓▓▓
▓.........▓
▓.........▓


You could see 3 reapers, a balrug, a hellion, a tormentor, a red devil, a flying
skull and a juggernaut skeleton.

Vanquished Creatures
  Mara (Shoals:4)
  A juggernaut (Depths:5)
  Bai Suzhen (Depths:1)
  3 Killer Klowns (Zot:2)
  Margery (Vaults:4)
  5 caustic shrikes
  10 golden dragons
  Arachne (Spider:2)
  A bone dragon (Zig:6)
  8 liches
  A hellephant (Zot:2)
  An electric golem (Zot:1)
  15 tentacled monstrosities
  A Hell Sentinel (Zig:9)
  3 titans (Vaults:5)
  7 quicksilver dragons
  Asterion (Spider:2)
  Gastronok (Lair:2)
  2 tentacled starspawn
  A death cob (Zot:1)
  2 sphinxes
  14 shadow dragons
  15 tengu reavers
  Kirke (Spider:2)
  6 storm dragons
  2 draconian monks
  A daeva (Depths:3)
  14 frost giants
  Ilsuiw (Shoals:4)
  An orc warlord (Orc:2)
  A fire giant (shapeshifter) (Vaults:5)
  3 draconian scorchers (Zot:1)
  2 deep elf sorcerers
  2 draconian knights
  4 nagarajas (Zig:8)
  2 ghost moths (Spider:4)
  14 fire giants
  15 vault wardens
  Aizul (Spider:4)
  An angel (Depths:3)
  A balrug (Zig:6)
  A draconian shifter (Zot:2)
  A deep elf elementalist (Vaults:5)
  3 draconian annihilators
  7 spriggan defenders
  7 emperor scorpions
  34 stone giants
  2 draconian stormcallers (Zot:2)
  A war gargoyle (Vaults:5)
  2 deep elf demonologists
  14 ironheart preservers
  6 green draconians
  5 entropy weavers
  7 vampire knights
  17 very ugly things
  7 white draconians
  3 dire elephants (Zot:2)
  5 yellow draconians
  Azrael (Spider:2)
  4 red draconians
  2 deep elf annihilators
  6 black draconians
  8 purple draconians
  9 spark wasps
  A minotaur (shapeshifter) (Depths:4)
  17 ettins
  3 merfolk impalers (Shoals:4)
  A crystal guardian (Vaults:3)
  17 fire dragons
  4 deep elf death magi
  4 merfolk javelineers
  19 ogre magi
  4 deep elf high priests (Vaults:5)
  9 jiangshi
  11 great orbs of eyes
  14 yaktaur captains
  Erolcha (D:9)
  31 vault guards
  12 hydras
  A naga warrior (Zig:8)
  19 ice dragons
  9 centaur warriors
  7 rakshasas
  4 death knights
  8 merfolk aquamancers
  6 spriggan air magi
  2 merfolk avatars
  A hell beast (Depths:4)
  Erica (D:9)
  2 catoblepae
  36 two-headed ogres
  3 satyrs
  A dancing weapon (Vaults:5)
  7 death yaks
  A spectral fire giant (Depths:2)
  18 deep troll shamans
  10 deep troll earth magi
  4 large abominations
  The ghost of roguesci the Ducker, a novice DrTm of Okawaru (D:10)
  An orc high priest (Orc:2)
  14 tengu warriors
  A shock serpent (Zig:8)
  A thrashing horror (Zig:9)
  6 vampire magi
  9 spriggan berserkers
  Sonja (D:13)
  2 naga sharpshooters (Zig:8)
  Nergalle (Lair:3)
  10 hell knights
  A soul eater (Depths:4)
  6 deep elf knights
  3 shadow wraiths
  A wretched star (Zig:9)
  A salamander mystic (Zig:8)
  5 skeletal warriors
  A shadow demon (Zig:9)
  43 deep trolls
  17 sea snakes
  4 iron trolls
  7 unseen horrors
  9 glowing orange brains
  6 flayed ghosts
  An unseen horror (shapeshifter) (Vaults:3)
  2 swamp dragons
  2 swamp dragons (shapeshifter) (Depths:3)
  15 orc knights
  A shadow dragon zombie (Depths:2)
  A golden dragon skeleton (Depths:2)
  An obsidian statue (Zig:10)
  2 wizards
  8 deep elf archers
  16 ironbrand convokers
  A sphinx zombie (Depths:2)
  An iron dragon zombie (Depths:2)
  3 phantasmal warriors (Vaults:5)
  20 harpies
  An orb spider (shapeshifter) (Depths:3)
  12 necromancers
  20 orb spiders
  A faun (shapeshifter) (Vaults:2)
  2 oklob plants
  4 orc sorcerers
  54 ugly things
  8 manticores
  15 fauns
  A worldbinder (Zig:9)
  33 wolf spiders
  17 deep elf magi
  A shadow dragon skeleton (Zig:10)
  2 cyclopes (shapeshifter)
  6 cyclopes
  An elephant (shapeshifter) (Depths:1)
  11 moths of wrath
  10 elephants
  A guardian serpent (Zig:8)
  6 centaur zombies
  2 frost giant skeletons
  3 ice statues (IceCv)
  9 black mambas
  3 rust devils
  A smoke demon (Zig:9)
  6 water nymphs
  5 molten gargoyles (D:14)
  7 merfolk sirens
  An elf zombie (Depths:2)
  The ghost of Noname the Ducker, a novice SpEn of Kikubaaqudgha (D:6)
  A human zombie (Vaults:4)
  A water nymph (shapeshifter) (Vaults:5)
  A hellion (Zig:10)
  2 torpor snails
  A gargoyle (D:14)
  18 vault sentinels
  5 spectral swamp worms (Depths:3)
  A yaktaur (shapeshifter) (Depths:3)
  5 centaur skeletons
  18 spiny frogs
  4 rime drakes
  12 komodo dragons
  A komodo dragon (shapeshifter) (Depths:1)
  4 efreet
  A tormentor (Zig:10)
  39 yaktaurs
  An elf skeleton (Zig:10)
  An ancient zyme (Zig:6)
  21 demonic crawlers
  4 ice devils (IceCv)
  15 freezing wraiths
  A human skeleton (Vaults:4)
  11 tengu conjurers
  12 polar bears
  A red devil (Depths:4)
  33 merfolk
  A meliai (shapeshifter) (Depths:1)
  A queen bee (shapeshifter) (Vaults:1)
  4 wind drakes (Shoals:4)
  3 meliai (D:15)
  A wind drake (shapeshifter) (Zig:9)
  9 trolls
  3 tyrant leeches (Zig:7)
  35 jumping spiders
  A bog body (Zig:7)
  2 raiju (Lair:6)
  18 hornets
  14 blink frogs (Lair:6)
  9 dream sheep
  37 slime creatures
  8 snapping turtles
  11 hippogriffs
  A fire giant simulacrum (Vaults:4)
  A human simulacrum (Vaults:3)
  73 redbacks
  27 tarantellas
  A redback (shapeshifter) (Depths:3)
  7 spriggans
  4 air elementals
  2 shadows (Zig:10)
  14 water elementals
  A fire elemental (Spider:2)
  28 humans
  5 wraiths
  46 yaks
  3 ynoxinuls
  3 hogs (Spider:2)
  A human (shapeshifter) (D:15)
  6 wyverns
  A neqoxec (Zig:6)
  2 basilisks
  2 steam dragons
  A hungry ghost (D:12)
  Menkaure (D:4)
  A swamp worm (shapeshifter) (Depths:3)
  8 vampire mosquitoes
  2 nagas (Zig:8)
  10 wargs
  An insubstantial wisp (Zig:7)
  A soldier ant (D:15)
  5 acid dragons
  14 porcupines
  22 water moccasins
  17 hell hounds
  12 black bears
  4 ice beasts
  5 sky beasts
  40 orc warriors
  4 eyes of draining
  3 swamp drakes (Lair:6)
  41 ogres
  24 centaurs
  2 necrophages
  An ogre (shapeshifter) (Depths:2)
  18 wolves
  7 boggarts
  14 crocodiles
  4 phantoms
  2 big kobolds
  22 bullfrogs
  An earth elemental (Zig:9)
  2 wyvern zombies
  2 glowing shapeshifter simulacra
  2 wyvern skeletons
  2 small abominations
  A water moccasin skeleton (D:6)
  3 scorpions
  A troll zombie (D:12)
  An elf simulacrum (Vaults:4)
  9 killer bees
  2 electric eels
  5 howler monkeys
  17 wights
  4 crimson imps
  3 bullfrog zombies
  A quasit (D:9)
  7 hounds
  28 orc priests
  6 jellies
  3 bullfrog skeletons
  4 iguanas
  14 worker ants
  32 orc wizards
  4 hell rats (D:8)
  3 troll simulacra (IceCv)
  5 ogre zombies (D:12)
  A centaur simulacrum (IceCv)
  A hound skeleton (D:5)
  2 hound zombies
  A worker ant zombie (D:5)
  8 gnolls
  4 ogre simulacra (IceCv)
  A river rat (D:8)
  19 adders
  2 naga simulacra (IceCv)
  4 shadow imps
  4 oozes
  An adder zombie (D:5)
  5 worms
  A dart slug (D:1)
  11 leopard geckos
  107 orcs
  8 bats
  5 giant cockroaches
  5 goblins
  13 hobgoblins
  22 jackals
  A quokka (shapeshifter) (Vaults:5)
  8 quokkas
  A ball python (D:2)
  4 frilled lizards
  A goblin skeleton (D:12)
  A goblin zombie (D:12)
  3 hobgoblin skeletons (D:12)
  3 hobgoblin zombies (D:12)
  16 kobolds
  A leopard gecko zombie (D:5)
  3 orc skeletons (D:12)
  8 orc zombies (D:12)
  4 rats
  4 crawling corpses
  11 fungi
  21 plants
  2 starspawn tentacles (Zig:6)
2441 creatures vanquished.

Vanquished Creatures (others)
  A ghost moth (Zot:2)
  A draconian knight (Zot:1)
  An ironheart preserver (Vaults:2)
  A red draconian (Depths:5)
  2 yaktaur captains
  A catoblepas (Lair:6)
  2 satyrs
  3 centaur warriors
  A hell hog (Zig:9)
  2 deep elf archers
  A cyclops (Shoals:2)
  A faun (Shoals:4)
  A moth of wrath (Zot:2)
  9 yaktaurs
  A redback (Spider:2)
  A centaur simulacrum (D:15)
  A black bear (shapeshifter) (Depths:3)
  2 boggarts
  A centaur (D:15)
  A jelly (D:15)
  2 kobolds (D:12)
  A bush (Lair:5)
  9 fungi
  61 plants
  2 starspawn tentacles (Zig:9)
109 creatures vanquished.

Grand Total: 2550 creatures vanquished

Notes
Turn   | Place    | Note
-------+----------+-------------------------------------------
     0 | D:1      | Gorglomux the Hill Orc Conjurer began the quest for the Orb.
     0 | D:1      | Reached XP level 1. HP: 14/14 MP: 3/3
    86 | D:1      | Reached skill level 1 in Fighting
   153 | D:1      | Reached XP level 2. HP: 24/24 MP: 0/4
   157 | D:1      | Learned a level 2 spell: Searing Ray
   625 | D:1      | Reached skill level 3 in Fighting
   628 | D:1      | Reached XP level 3. HP: 31/31 MP: 1/5
  1490 | D:2      | Reached skill level 1 in Axes
  1849 | D:2      | Reached XP level 4. HP: 40/40 MP: 0/6
  2010 | D:2      | Found a radiant altar of Vehumet.
  2100 | D:3      | You fall through a shaft!
  2107 | D:4      | Reached skill level 3 in Axes
  2107 | D:4      | Reached XP level 5. HP: 22/47 MP: 1/7
  2522 | D:4      | Reached XP level 6. HP: 34/56 MP: 2/8
  2737 | D:4      | Found a basalt altar of Yredelemnul.
  2747 | D:4      | Noticed Menkaure
  2759 | D:4      | Killed Menkaure
  2759 | D:4      | Reached skill level 6 in Fighting
  3420 | D:3      | Reached XP level 7. HP: 63/63 MP: 9/9
  3963 | D:4      | Found a staircase to the Ecumenical Temple.
  4052 | Temple   | Entered the Ecumenical Temple
  4115 | Temple   | Became a worshipper of Warmaster Okawaru
  4296 | D:4      | Reached skill level 6 in Axes
  4296 | D:4      | Reached skill level 1 in Armour
  4329 | D:5      | Entered Level 5 of the Dungeon
  4380 | D:5      | Got a jewelled chain mail
  4984 | D:5      | Identified the +3 chain mail of Hadjma {rF- Int+7} (You found it on level 5 of the Dungeon)
  5683 | D:5      | Reached skill level 3 in Armour
  5788 | D:6      | Reached * piety under Okawaru
  5798 | D:6      | Reached XP level 8. HP: 42/71 MP: 10/10
  6708 | D:6      | Reached ** piety under Okawaru
  6763 | D:6      | Reached skill level 9 in Axes
  7090 | D:6      | Reached skill level 6 in Armour
  7433 | D:6      | Noticed Noname's ghost (novice SpEn)
  7504 | D:6      | Killed Noname's ghost
  7504 | D:6      | Reached XP level 9. HP: 64/77 MP: 11/11
  8207 | D:7      | Reached *** piety under Okawaru
  8954 | D:8      | Reached skill level 1 in Invocations
  8977 | D:8      | Reached skill level 1 in Evocations
  9173 | D:8      | Noticed a two-headed ogre
  9178 | D:8      | Killed a two-headed ogre
  9178 | D:8      | Reached **** piety under Okawaru
  9178 | D:8      | Reached skill level 3 in Evocations
  9178 | D:8      | Reached XP level 10. HP: 60/84 MP: 9/13
  9356 | D:8      | Reached skill level 12 in Axes
  9396 | D:8      | Found a snail-covered altar of Cheibriados.
  9533 | D:8      | Noticed a death yak
  9540 | D:8      | Noticed a death yak
  9790 | D:9      | Noticed Erica
  9805 | D:9      | Killed Erica
  9805 | D:9      | Reached ***** piety under Okawaru
  9805 | D:9      | Reached skill level 6 in Invocations
 10372 | D:9      | Noticed Erolcha
 10376 | D:9      | Noticed a two-headed ogre
 10386 | D:9      | Killed Erolcha
 10394 | D:9      | Killed a two-headed ogre
 10394 | D:9      | Reached skill level 6 in Evocations
 10394 | D:9      | Reached XP level 11. HP: 46/90 MP: 9/17
 11145 | D:10     | Entered Level 10 of the Dungeon
 11834 | D:10     | Killed an unseen horror
 11834 | D:10     | Reached skill level 9 in Invocations
 11867 | D:10     | Noticed roguesci's ghost (novice DrTm)
 11980 | D:10     | Killed roguesci's ghost
 12251 | D:10     | Received a gift from Okawaru
 12254 | D:10     | Got a warped shield {god gift}
 12390 | D:10     | Identified the +0 shield "Nuijui" {god gift, MR+} (Okawaru gifted it to you on level 10 of the Dungeon)
 12460 | D:11     | Noticed a cyclops
 12710 | D:11     | Killed a cyclops
 13239 | D:11     | Reached skill level 15 in Axes
 13551 | D:11     | Reached XP level 12. HP: 93/97 MP: 18/18
 14230 | D:8      | Noticed a two-headed ogre
 14240 | D:8      | Killed a two-headed ogre
 14322 | D:8      | Found a staircase to the Lair.
 14481 | D:8      | Found a sparkling altar of Nemelex Xobeh.
 14481 | D:8      | Found a hide-covered altar of Uskayaw.
 14499 | D:8      | Noticed a death yak
 14520 | D:8      | Killed a death yak
 14532 | D:8      | Killed a death yak
 14539 | D:8      | Killed a death yak
 14774 | Lair:1   | Entered Level 1 of the Lair of Beasts
 14896 | Lair:1   | Reached ****** piety under Okawaru
 14927 | Lair:1   | Found the +4 skin of Zhor {rC+++}
 15940 | Lair:2   | Noticed Gastronok
 16211 | Lair:2   | Killed Gastronok
 16211 | Lair:2   | Received a gift from Okawaru
 16211 | Lair:2   | Reached skill level 18 in Axes
 16457 | Lair:2   | Got a bloodstained helmet {god gift}
 16463 | Lair:2   | Identified the +1 helmet of Ureotzet {god gift, rPois rN++ MP-9 Slay+3} (Okawaru gifted it to you on level 2 of the Lair of Beasts)
 16552 | Lair:2   | Noticed a four-headed hydra
 16574 | Lair:2   | Killed a one-headed hydra
 16574 | Lair:2   | Reached XP level 13. HP: 54/103 MP: 8/19
 17636 | Lair:3   | Found a hole to the Spider Nest.
 17650 | Lair:3   | Reached skill level 9 in Fighting
 17858 | Lair:3   | Noticed Nergalle
 17868 | Lair:3   | Killed Nergalle
 18226 | Lair:3   | Found a staircase to the Shoals.
 18736 | Lair:4   | Received a gift from Okawaru
 18982 | Lair:4   | Identified a scroll of acquirement
 18983 | Lair:4   | Found the +8 Wrath of Trog {antimagic, *Rage}
 19131 | Lair:4   | Received a gift from Okawaru
 19867 | Lair:5   | Reached skill level 12 in Fighting
 20958 | Lair:6   | Entered Level 6 of the Lair of Beasts
 21101 | Lair:6   | Reached XP level 14. HP: 125/130 MP: 8/20
 21111 | Lair:6   | Received a gift from Okawaru
 21260 | Lair:6   | Found a staircase to the Slime Pits.
 21622 | Lair:6   | Reached skill level 15 in Fighting
 23025 | Lair:6   | Received a gift from Okawaru
 23054 | Lair:6   | Got a slimy battleaxe {god gift}
 23055 | Lair:6   | Identified the +4 battleaxe of Okawaru's Benevolence {god gift, venom, Str+4} (Okawaru gifted it to you on level 6 of the Lair of Beasts)
 23910 | Lair:5   | Received a gift from Okawaru
 23910 | Lair:5   | Reached skill level 1 in Shields
 24412 | D:12     | Found a staircase to the Orcish Mines.
 24477 | D:12     | Reached XP level 15. HP: 124/147 MP: 12/21
 25098 | D:12     | Reached skill level 9 in Armour
 25137 | D:12     | Reached skill level 3 in Shields
 25771 | D:12     | Found a roughly hewn altar of Beogh.
 26647 | D:13     | Received a gift from Okawaru
 26648 | D:13     | Found the +8 orange crystal plate armour {god gift, Archmagi, Int+3 Clar}
 26709 | D:13     | Noticed Sonja
 26714 | D:13     | Killed Sonja
 26824 | D:13     | Got a steaming golden ring
 26850 | D:13     | Identified the ring of Ilumaf {rPois MR+ Int-3 Dex+2 SInv} (You found it on level 13 of the Dungeon)
 27416 | D:14     | Reached skill level 6 in Shields
 27601 | D:14     | Found a sacrificial altar of Ru.
 28798 | D:14     | Found a gate to the Vaults.
 29022 | D:14     | Reached skill level 12 in Armour
 29041 | D:15     | Entered Level 15 of the Dungeon
 29082 | D:15     | Reached XP level 16. HP: 148/155 MP: 10/22
 29090 | D:15     | Reached skill level 9 in Shields
 29699 | D:15     | Received a gift from Okawaru
 30239 | D:15     | Found a staircase to the Depths.
 31191 | Orc:1    | Entered Level 1 of the Orcish Mines
 31191 | Orc:1    | Found a roughly hewn altar of Beogh.
 31402 | Orc:1    | Found a frozen archway.
 31419 | IceCv    | Entered an ice cave
 32182 | Orc:2    | Entered Level 2 of the Orcish Mines
 32386 | Orc:2    | Found a roughly hewn altar of Beogh.
 32415 | Orc:2    | Found Puyw's Jewellery Boutique.
 32425 | Orc:2    | Found Cuotimus's Antique Weapon Boutique.
 32645 | Orc:2    | Found a staircase to the Elven Halls.
 32702 | Orc:2    | Found Meuluqiu's General Store.
 32708 | Orc:2    | Bought a scroll of brand weapon for 280 gold pieces
 32773 | Orc:2    | Found Lamoqie's Antique Armour Boutique.
 33144 | Spider:1 | Entered Level 1 of the Spider Nest
 33452 | Spider:1 | Received a gift from Okawaru
 34229 | Spider:2 | Reached skill level 12 in Shields
 34263 | Spider:2 | Reached XP level 17. HP: 119/162 MP: 14/23
 34451 | Spider:2 | Noticed Azrael
 34462 | Spider:2 | Killed Azrael
 34475 | Spider:2 | Reached skill level 15 in Armour
 34486 | Spider:2 | Noticed Kirke
 34499 | Spider:2 | Killed Kirke
 34513 | Spider:2 | Received a gift from Okawaru
 34526 | Spider:2 | HP: 8/162 [disintegration (35)]
 35290 | Spider:2 | Noticed Asterion
 35297 | Spider:2 | Noticed an Executioner
 35304 | Spider:2 | Killed Asterion
 35393 | Spider:2 | Noticed Arachne
 35407 | Spider:2 | Killed Arachne
 35407 | Spider:2 | Received a gift from Okawaru
 36056 | Spider:4 | Entered Level 4 of the Spider Nest
 36308 | Spider:4 | Noticed Aizul
 36325 | Spider:4 | Killed Aizul
 36772 | Spider:4 | Reached XP level 18. HP: 163/170 MP: 15/24
 37098 | Spider:4 | Reached skill level 15 in Shields
 37319 | Spider:4 | Got a gossamer rune of Zot
 37506 | Spider:4 | Received a gift from Okawaru
 38015 | Shoals:1 | Entered Level 1 of the Shoals
 38541 | Shoals:3 | Found a transporter.
 38744 | Shoals:3 | Received a gift from Okawaru
 38750 | Shoals:3 | Got a jewelled broad axe {god gift}
 38752 | Shoals:3 | Identified the +4 broad axe of the Skies Above {god gift, drain, *Slow rF++} (Okawaru gifted it to you on level 3 of the Shoals)
 38888 | Shoals:3 | Reached skill level 18 in Armour
 39172 | Shoals:2 | Reached skill level 18 in Fighting
 39394 | Shoals:4 | Entered Level 4 of the Shoals
 39394 | Shoals:4 | Noticed Mara
 39403 | Shoals:4 | Reached XP level 19. HP: 143/179 MP: 8/25
 39408 | Shoals:4 | Noticed Gorglomux's illusion
 39416 | Shoals:4 | Killed Mara
 39537 | Shoals:4 | Received a gift from Okawaru
 39571 | Shoals:3 | Identified a +1 pair of boots of running {god gift} (Okawaru gifted it to you on level 4 of the Shoals)
 39961 | Shoals:4 | Noticed Ilsuiw
 40149 | Shoals:4 | Killed Ilsuiw
 40242 | Shoals:4 | Got a barnacled rune of Zot
 40250 | Shoals:4 | Found Buoluw's Antique Armour Emporium.
 40686 | Shoals:3 | Found a transporter.
 40702 | Shoals:3 | Found a shimmering altar of Xom.
 41453 | D:11     | Learned a level 7 spell: Ring of Flames
 41560 | Vaults:1 | Entered Level 1 of the Vaults
 42051 | Vaults:1 | Found a portal to a secret trove of treasure.
 42600 | Vaults:1 | Found a gateway to a bazaar.
 42649 | Trove    | Entered a treasure trove
 42766 | Bazaar   | Entered a bazaar
 42766 | Bazaar   | Found Ygiyzer's Food Emporium.
 42766 | Bazaar   | Found Subagall's Assorted Antiques.
 42766 | Bazaar   | Found Geoku's General Store.
 42766 | Bazaar   | Found Jenuag's Book Emporium.
 42786 | Bazaar   | Bought a potion of cancellation for 72 gold pieces
 42792 | Bazaar   | Bought a spiked helmet for 190 gold pieces
 42792 | Bazaar   | Bought a scroll of magic mapping for 70 gold pieces
 42792 | Bazaar   | Bought a scroll of enchant armour for 150 gold pieces
 42792 | Bazaar   | Identified the +5 helmet of Minyopsi {rElec MR+ Dex+7 Stlth-} (You bought it in a shop in a bazaar)
 42806 | Bazaar   | Bought the Disquisition on Intoxication and the Volcanoes for 735 gold pieces
 42815 | Bazaar   | Learned a level 8 spell: Ignition
 42857 | Vaults:2 | Found Heuch's Assorted Antiques.
 42874 | Vaults:2 | Bought a glowing golden potion for 24 gold pieces
 43404 | Vaults:2 | Reached XP level 20. HP: 191/191 MP: 24/26
 43774 | Vaults:2 | Noticed a Tzitzimitl
 44367 | Vaults:3 | Found a staircase to the Crypt.
 44520 | Vaults:2 | Reached skill level 18 in Shields
 45709 | Vaults:3 | Found Afruog's Magic Scroll Boutique.
 45723 | Vaults:3 | Bought a scroll of magic mapping for 70 gold pieces
 46406 | Vaults:4 | Found Kegrosepn's Antique Armour Emporium.
 46437 | Vaults:4 | Received a gift from Okawaru
 46470 | Vaults:4 | Bought a pair of smoking gloves for 304 gold pieces
 46470 | Vaults:4 | Identified the +0 pair of gloves of the Ward {+Fly Str-5 SInv Stlth+} (You bought it in a shop on level 4 of the Vaults)
 46972 | Vaults:4 | Noticed Margery
 46993 | Vaults:4 | Killed Margery
 46993 | Vaults:4 | Reached XP level 21. HP: 152/201 MP: 27/27
 47504 | Vaults:4 | Identified the +2 helmet "Qiosil" {rPois} (You found it on level 4 of the Vaults)
 47551 | Vaults:4 | Received a gift from Okawaru
 48617 | Depths:1 | Entered Level 1 of the Depths
 48639 | Depths:1 | Reached skill level 3 in Dodging
 48971 | Depths:1 | Noticed Bai Suzhen
 48973 | Depths:1 | Received a gift from Okawaru
 49002 | Depths:1 | Killed Bai Suzhen
 49031 | Depths:1 | Reached skill level 6 in Dodging
 49439 | Depths:1 | Found a gateway to Hell.
 49448 | Depths:1 | Got a faintly glowing granite ring
 49450 | Depths:1 | Identified the ring of Ascent {Wiz rPois Dex+2} (You acquired it on level 1 of the Depths)
 49678 | Depths:1 | Found a one-way gate to the infinite horrors of the Abyss.
 49837 | Depths:1 | Reached XP level 22. HP: 165/209 MP: 24/28
 50038 | Depths:2 | Reached skill level 9 in Dodging
 50254 | Depths:2 | Reached skill level 1 in Fire Magic
 50280 | Depths:2 | Found a transporter.
 50314 | Depths:2 | Reached skill level 2 in Fire Magic
 50367 | Depths:2 | Reached skill level 3 in Fire Magic
 50427 | Depths:2 | Found a transporter.
 50454 | Depths:2 | Received a gift from Okawaru
 50454 | Depths:2 | Reached skill level 4 in Fire Magic
 50712 | Depths:2 | Reached skill level 5 in Fire Magic
 50743 | Depths:2 | Reached skill level 6 in Fire Magic
 50828 | Depths:2 | Reached skill level 7 in Fire Magic
 50846 | Depths:2 | Reached skill level 8 in Fire Magic
 51044 | Depths:2 | Reached skill level 9 in Fire Magic
 51383 | Depths:2 | Reached skill level 10 in Fire Magic
 51622 | Depths:2 | Received a gift from Okawaru
 51668 | Depths:2 | Reached skill level 11 in Fire Magic
 51761 | Depths:2 | Identified Maipler's Handbook of Dark Secrets
 52059 | Depths:2 | Reached skill level 12 in Fire Magic
 52100 | Depths:2 | Reached XP level 23. HP: 164/215 MP: 26/29
 52318 | Depths:2 | Got a flickering golden ring
 52320 | Depths:2 | Identified the ring of Gin and Tonic {Dex+2 Stlth-} (You found it on level 2 of the Depths)
 52341 | Depths:2 | Got a vibrating silver ring
 52342 | Depths:2 | Identified the ring "Tedghati" {rCorr Dex+4} (You found it on level 2 of the Depths)
 52370 | Depths:2 | Reached skill level 13 in Fire Magic
 52412 | Depths:3 | Found a gateway to a ziggurat.
 52870 | Depths:3 | Reached skill level 14 in Fire Magic
 52934 | Depths:3 | Received a gift from Okawaru
 53110 | Depths:3 | Reached skill level 15 in Fire Magic
 53477 | Depths:3 | Noticed a golden dragon
 53488 | Depths:3 | Killed a golden dragon
 53541 | Depths:3 | Found a stormy altar of Qazlal.
 53548 | Depths:3 | Reached skill level 16 in Fire Magic
 53761 | Depths:3 | Found a shimmering altar of Xom.
 54030 | Depths:3 | Received a gift from Okawaru
 54114 | Depths:3 | Reached skill level 17 in Fire Magic
 54139 | Depths:3 | Found a stormy altar of Qazlal.
 54282 | Depths:3 | Reached XP level 24. HP: 200/224 MP: 29/29
 54387 | Depths:3 | Found a burning altar of Makhleb.
 54448 | Depths:3 | Received a gift from Okawaru
 54540 | Depths:3 | Reached skill level 18 in Fire Magic
 54988 | Depths:3 | Found a one-way gate leading to the halls of Pandemonium.
 55350 | Depths:4 | Reached skill level 19 in Fire Magic
 55363 | Depths:4 | Found Acrab's Gadget Boutique.
 55602 | Depths:4 | Noticed a caustic shrike
 55612 | Depths:4 | Killed a caustic shrike
 55677 | Depths:4 | Noticed a caustic shrike
 55692 | Depths:4 | Killed a caustic shrike
 55692 | Depths:4 | Reached skill level 20 in Fire Magic
 56376 | Depths:4 | Received a gift from Okawaru
 56381 | Depths:4 | Identified the +13 crystal plate armour of the Neverending Gods {god gift, Str+3} (Okawaru gifted it to you on level 4 of the Depths)
 56406 | Depths:5 | Entered Level 5 of the Depths
 56923 | Depths:5 | Reached skill level 21 in Fire Magic
 57457 | Depths:5 | Reached XP level 25. HP: 231/231 MP: 29/29
 57540 | Depths:5 | Noticed a juggernaut
 57574 | Depths:5 | Killed a juggernaut
 57711 | Depths:5 | Found a gate to the Realm of Zot.
 57724 | Depths:5 | Reached skill level 22 in Fire Magic
 57942 | Depths:5 | Received a gift from Okawaru
 57955 | Depths:5 | Reached skill level 23 in Fire Magic
 58849 | Vaults:5 | Entered Level 5 of the Vaults
 58931 | Vaults:5 | Reached skill level 24 in Fire Magic
 58969 | Vaults:5 | Reached XP level 26. HP: 167/239 MP: 29/29
 58988 | Vaults:5 | Received a gift from Okawaru
 59014 | Vaults:5 | Identified the +2 hat of Pride {god gift, Regen+ Int+5} (Okawaru gifted it to you on level 5 of the Vaults)
 59318 | Vaults:5 | Reached skill level 25 in Fire Magic
 59565 | Vaults:5 | Found the +2 robe of Vines {NoPotionHeal Regen+7}
 60034 | Vaults:5 | Got a coiled brass ring
 60044 | Vaults:5 | Identified Lighoax's Almanac of Evil and Dislocation
 60206 | Vaults:5 | Identified the ring "Siasul" {+Blink rElec AC+6 SInv} (You took it off an ironbrand convoker on level 5 of the Vaults)
 60296 | Vaults:5 | Reached skill level 26 in Fire Magic
 60345 | Vaults:5 | Got a silver rune of Zot
 60572 | Vaults:5 | Received a gift from Okawaru
 60776 | Vaults:5 | Found Xeken's Distillery.
 60788 | Vaults:5 | Bought a potion of heal wounds for 70 gold pieces
 60788 | Vaults:5 | Bought a potion of might for 56 gold pieces
 60788 | Vaults:5 | Bought a potion of agility for 56 gold pieces
 61453 | Zot:1    | Entered Level 1 of the Realm of Zot
 62383 | Zot:1    | Reached skill level 27 in Fire Magic
 62383 | Zot:1    | Reached XP level 27. HP: 190/246 MP: 29/29
 63223 | Zot:2    | Reached skill level 3 in Spellcasting
 63402 | Zot:2    | Reached skill level 21 in Shields
 64073 | Zot:2    | Received a gift from Okawaru
 64617 | Zot:2    | Received a gift from Okawaru
 64620 | Zot:2    | Identified the +0 shield of Okawaru's Benevolence {god gift, +Fly rC- Str-2 Dex+7} (Okawaru gifted it to you on level 2 of the Realm of Zot)
 65899 | Zig:1    | Entered Level 1 of a ziggurat
 65995 | Zig:2    | Entered Level 2 of a ziggurat
 66025 | Zig:3    | Entered Level 3 of a ziggurat
 66048 | Zig:4    | Entered Level 4 of a ziggurat
 66233 | Zig:5    | Entered Level 5 of a ziggurat
 66242 | Zig:5    | Reached skill level 6 in Spellcasting
 66242 | Zig:5    | Reached skill level 21 in Armour
 66253 | Zig:5    | Identified the ring of the Middle {MR+ AC+4} (You found it on level 5 of a ziggurat)
 66351 | Zig:6    | Entered Level 6 of a ziggurat
 66390 | Zig:7    | Entered Level 7 of a ziggurat
 66480 | Zig:8    | Entered Level 8 of a ziggurat
 66510 | Zig:8    | Identified the ring "Suscheg" {*Drain +Blink Str+3 Stlth-} (You found it on level 8 of a ziggurat)
 66581 | Zig:9    | Entered Level 9 of a ziggurat
 66592 | Zig:9    | Found the +8 mithril axe "Arga" {speed, MR+}
 66663 | Zig:10   | Entered Level 10 of a ziggurat
 66697 | Zig:10   | HP: 9/246 [hellion/damnation (20)]
 66697 | Zig:10   | Killed from afar by a hellion

Vault maps used:
D:1:      minmay_arrival_stone_box
D:2:      nicolae_overflow_hidden_temple
D:3:      minmay_misc_feat_alley, minmay_misc_feat_nine_boxes
D:4:      minmay_temple_entry_glassed_door, first_bread, nrook_mini_vaults,
          yredelemnul_altar_generic, uniq_menkaure
D:5:      guppyfry_early_orc_mine
D:6:      cheibrodos_barr_body
D:8:      gammafunk_temple_overflow_elements, slow_altar_1, dpeg_lair_monsters
D:9:      uniq_erolcha, uniq_erica
D:11:     the_bakery
D:12:     zombieorc1_lemuel, special_room
D:13:     uniq_sonja
D:14:     grunt_vaults_entry_tiered, nicolae_ru_path_of_blood, minivault_8
D:15:     grunt_enter_depths_giant_problem, minmay_misc_feat_hallway,
          serial_glass, glass_columns_a, glass_columns_a, glass_columns_a,
          glass_columns_b, glass_columns_a
Temple:   hc_temple_tempest_star
Lair:1:   st_stairs_6, serial_bayou_pond_b
Lair:2:   lab_entry_generic, infiniplex_staircase_pool, grunt_megastairs_3,
          lemuel_fruit_tree, lemuel_fruit_fields, minmay_lair_oklob_chamber,
          uniq_gastronok
Lair:3:   minmay_shoals_entry_hut, spider_nest_entry_a, patterned_corridor,
          lemuel_fruit_fields, uniq_nergalle
Lair:6:   guppyfry_lair_end_dragon, hangedman_lair_caniforms_friends,
          nicolae_slime_entry_slimehenge
Shoals:1: uniq_roxanne
Shoals:2: cheibrodos_shoals_three_sisters
Shoals:3: gammafunk_its_a_trap, lemuel_oklob_altar
Shoals:4: shoals_end_grunt_garden, shoal_ilsuiw, serial_shops,
          nicolae_shop_waterfront, uniq_mara
Spider:2: spider_trap, uniq_arachne, uniq_azrael, uniq_kirke, uniq_asterion
Spider:4: guppyfry_spider_rune, uniq_aizul
Orc:1:    basic_altar, portal_ice_cave_rime
Orc:2:    grunt_orc_cross
Vaults:1: ontoclasm_vaults_claustrophobia, v_rooms_6, nicolae_vaults_murderbox,
          hangedman_vaults_stream, nicolae_vaults_hallways_thing,
          vaults_room_pool, nicolae_vaults_bisected_exclaves, vaults_dpeg_hooks,
          serial_shops, bzr_entry_water, enter_trove_3
Vaults:2: nicolae_vaults_diagonal_hallway_9, ontoclasm_vaults_loading_screen,
          vaults_dpeg_encased_lava, vaults_dpeg_ring, grunt_vaults_focal,
          ontoclasm_vaults_spin, hangedman_vaults_unwind,
          nicolae_vaults_network_barrier, v_rooms_3, v_misc_19,
          vaults_room_large_hall, ontoclasm_vaults_hangar, vaults_room_fours,
          hangedman_vaults_cutoff, grunt_vaults_hallway_long, serial_shops, shop
Vaults:3: v_misc_23, grunt_vaults_bifocal, nicolae_vaults_puzzle_piece,
          hangedman_vaults_river_flow, v_alt_pattern_2, ontoclasm_vaults_tryst,
          ontoclasm_vaults_twist, v_alt_pattern_6, serial_shops, shop
Vaults:4: nicolae_vaults_twisting_passages, nicolae_vaults_mini_display_case,
          ontoclasm_vaults_hangar, hangedman_vaults_nails,
          nicolae_vaults_sealed_display, nicolae_vaults_border_crossing,
          serial_shops, shop, uniq_margery
Depths:1: abyss_entry, grunt_hell_entry_dis_old, kennysheep_kite_vault,
          uniq_bai_suzhen
Depths:2: gammafunk_dig_for_victory, kennysheep_nub, special_room, hell_entry,
          infiniplex_staircase_spiral_double, basic_stair_grate_trap
Depths:3: hangedman_box_tower, enter_ziggurat_c, pf_hell_entry_tar_river,
          pan_entry, minmay_misc_feat_doors, lemuel_flamethrower_3
Depths:4: minmay_octo_star, chequers_big_river, grunt_mini_vestibule,
          serial_shops, shop, abyss_entry_small_statue_room,
          hangedman_decor_riveting
Depths:5: grunt_runaround, hell_entry, pan_entry
Zot:2:    circus_mu, grunt_ministairs_1, hangedman_zot_decor_unnerving_road,
          st_stairs_8, lemuel_flame_loot_1
Bazaar:   bazaar_minmay_row
Trove:    trove_misc_throne_room
IceCv:    ice_cave_tombish

Skill      XL: |  1  2  3  4  5  6  7  8  9 10 11 12 13 14 15 16 17 18 19 20 21 22 23 24 25 26 27 |
---------------+----------------------------------------------------------------------------------+-----
Fighting       | 2 3 4 5 6 13 17 18 19 20 | 20.0
Axes           | 1 3 4 5 7 9 11 13 15 19 | 19.1
Armour         | 3 6 8 12 14 16 18 19 20 21 | 21.3
Invocations    | 4 8 9 |  9.1
Evocations     | 3 6 8 |  8.0
Shields        | 2 8 12 14 16 17 19 20 21 | 21.9
Dodging        | 8 9 |  9.1
Fire Magic     | 12 17 21 24 27 | 27.0
Spellcasting   | 7 |  7.0
Stealth        | |  1.5
Conjurations   | |  4.0

Action                   |  1- 3 |  4- 6 |  7- 9 | 10-12 | 13-15 | 16-18 | 19-21 | 22-24 | 25-27 || total
-------------------------+-------+-------+-------+-------+-------+-------+-------+-------+-------++-------
Melee: Dagger            |    29 |       |       |       |       |       |       |       |       ||    29
       Hand axe          |    17 |    80 |   463 |    97 |       |       |       |       |       ||   657
       Short sword       |    15 |       |       |       |       |       |       |       |       ||    15
       War axe           |       |    12 |     1 |    15 |    38 |     4 |       |       |       ||    70
       Punch             |       |       |     1 |     2 |     1 |       |       |       |       ||     4
       Battleaxe         |       |       |       |   531 |   558 |       |       |       |       ||  1089
       Broad axe         |       |       |       |       |   671 |  1305 |  1389 |  1442 |  1248 ||  6055
 Cast: Magic Dart        |    33 |     7 |     1 |       |       |       |       |       |       ||    41
       Searing Ray       |     5 |     7 |       |       |       |       |       |       |       ||    12
       Ignition          |       |       |       |       |       |       |       |       |    20 ||    20
Invok: Heroism           |       |       |     8 |    15 |    16 |    16 |    20 |    20 |    27 ||   122
       Finesse           |       |       |       |     2 |     4 |     8 |     5 |    10 |    13 ||    42
 Abil: Evoke Flight      |       |       |       |       |     1 |     7 |     4 |       |       ||    12
Evoke: Wand              |       |       |     3 |     3 |     7 |     2 |     2 |     7 |       ||    24
  Use: Scroll            |     3 |       |    12 |     9 |    13 |    16 |    15 |    10 |    26 ||   104
       Potion            |       |     2 |       |     2 |     1 |       |       |     1 |     5 ||    11
 Stab: Sleeping          |     4 |       |       |     1 |     6 |       |       |       |       ||    11
       Confused          |       |       |       |       |     4 |       |       |       |       ||     4
       Distracted        |       |       |       |       |     3 |     1 |     1 |     3 |       ||     8
       Paralysed         |       |       |       |       |       |     1 |       |       |       ||     1
  Eat: Chunk             |     4 |     6 |    16 |    24 |    31 |    30 |    35 |    19 |    17 ||   182
       Royal jelly       |       |       |     1 |       |       |     2 |       |       |       ||     3
       Fruit             |       |       |       |       |    12 |       |       |       |       ||    12
       Meat ration       |       |       |       |       |       |       |       |     1 |     7 ||     8
Armor: Robe              |    13 |    13 |     1 |       |       |       |       |       |       ||    27
       Skin              |       |     2 |       |    34 |       |       |       |       |       ||    36
       Chain mail        |       |       |   214 |   348 |       |       |       |       |       ||   562
       Animal skin       |       |       |       |    19 |   454 |    78 |       |       |       ||   551
       Crystal plate arm |       |       |       |       |       |   893 |   589 |   441 |   365 ||  2288
       Plate armour      |       |       |       |       |       |       |       |       |    29 ||    29
Dodge: Dodged            |    35 |    55 |   129 |   209 |   492 |   263 |   188 |   228 |   226 ||  1825
Block: Shield            |       |       |       |       |   319 |  1099 |   926 |       |       ||  2344
       Other             |       |       |       |       |    32 |       |       |       |       ||    32
       Reflection        |       |       |       |       |    23 |    43 |   135 |    85 |    47 ||   333
       Large shield      |       |       |       |       |       |       |   106 |  1490 |  1194 ||  2790
